 Dungeon Crawl Stone Soup version 0.29.1-12-g30fa7ad0bf (webtiles) character file.

Game seed: 17683260314131633711

10 nachturnus the Shield-Bearer (level 2, -5/24 HPs)
             Began as a Formicid Fighter on Jan 7, 2023.
             Slain by a kobold
             ... wielding a +2 whip of distortion
              (6 damage)
             ... on level 1 of the Dungeon.
             The game lasted 00:02:03 (551 turns).

nachturnus the Shield-Bearer (Formicid Fighter)      Turns: 551, Time: 00:02:05

Health: -5/24      AC:  6    Str: 20    XL:     2   Next: 30%
Magic:  2/2        EV:  9    Int:  7    God:
Gold:   21         SH:  5    Dex: 13    Spells: 1/1 levels left

rFire   . . .      SeeInvis +   a - +0 war axe
rCold   . . .      Faith    .   c - +0 buckler
rNeg    . . .      Spirit   .   b - +0 scale mail
rPois   .          Reflect  .   (helmet unavailable)
rElec   .          Harm     .   (no cloak)
rCorr   .          Rampage  .   (no gloves)
Will    .....                   (no boots)
Stlth   ..........              (no amulet)
HPRegen 0.08/turn               (no ring)
MPRegen 0.08/turn               (no ring)

@: no status effects
A: permanent stasis, dig shafts and tunnels, antennae 3, four strong arms
a: Dig, Shaft Self


You were on level 1 of the Dungeon.
You visited 1 branch of the dungeon, and saw 1 of its levels.

You collected 21 gold pieces.

Inventory:

Hand Weapons
 a - a +0 war axe (weapon)
Armour
 b - a +0 scale mail (worn)
 c - a +0 buckler (worn)
Potions
 d - a potion of might
 e - a potion of curing {unknown}


   Skills:
 - Level 3.2 Fighting
 + Level 2.8 Axes
 - Level 3.2 Armour
 - Level 4.0 Shields


You had one spell level left.
You didn't know any spells.
Your spell library contained the following spells:

 Spells                   Type           Power      Damage    Failure   Level
 Magic Dart               Conj           0%         1d3       85%         1
 Searing Ray              Conj           0%         2d4       94%         2
 Fulminant Prism          Conj/Hex       0%         3d6       100%        4


Dungeon Overview and Level Annotations

Branches:
Dungeon (1/15)

Altars:


Innate Abilities, Weirdness & Mutations

You cannot be hasted, slowed, berserked, paralysed or teleported.
You can dig through walls and to a lower floor.
You have a pair of large antennae on your head. (SInv)
Your four strong arms can wield two-handed weapons with a shield.


Message History

You slash the rat!
You kill the rat!
No target in view!
An endoplasm comes into view.
You see here a rat corpse.
You hit the endoplasm but do no damage. The endoplasm barely misses you.
You completely miss the endoplasm. The endoplasm freezes you.
You are frozen.
The endoplasm freezes you.
You are frozen.
You slash the endoplasm!
You kill the endoplasm!
No target in view!
You sense a monster nearby.
A kobold comes into view. It is wielding a +0 whip.
The kobold shouts!
The kobold moves out of view.
An endoplasm comes into view.
Found a glowing cyan potion.
The kobold hits you with a +0 whip.
A kobold comes into view. It is wielding a +2 whip of distortion.
You closely miss the kobold. The kobold hits you but does no damage.
You barely miss the kobold. The kobold hits you but does no damage.
The kobold barely misses you.
You closely miss the kobold. The kobold barely misses you.
You slash the kobold!
You kill the kobold!
You barely miss the kobold.
The kobold hits you with a +2 whip of distortion.
Space warps horribly around you!
Ouch! That really hurt!
* * * LOW HITPOINT WARNING * * *
You hit the kobold.
The kobold is severely wounded.
You hit the endoplasm.
The kobold hits you with a +2 whip of distortion.
* * * LOW HITPOINT WARNING * * *
Space warps around you.
You die...

#..... #..... ### #.....
..########### ###...
...........#####...
..................
#.#######.#####...
#.#######..####...
#@............####
......JK#########.......
#!......# ########...###
#....$..###.............
#.......##..≈≈≈≈≈≈≈...#.
#......(#..≈≈.♣...≈≈..#.
######.#..≈≈.......≈≈..†
#.(.≈≈.♣..<.8..≈≈..
#..≈).8........≈..


You could see an endoplasm and a kobold.

Vanquished Creatures
  2 ball pythons (D:1)
  An endoplasm (D:1)
  A giant cockroach (D:1)
  A goblin (D:1)
  3 kobolds (D:1)
  A rat (D:1)
9 creatures vanquished.

Notes
Turn   | Place    | Note
-------+----------+-------------------------------------------
     0 | D:1      | nachturnus the Formicid Fighter began the quest for the
                  | Orb.
     0 | D:1      | Reached XP level 1. HP: 18/18 MP: 1/1
   262 | D:1      | Reached XP level 2. HP: 16/24 MP: 2/2
   551 | D:1      | HP: 1/24 [kobold/+2 whip of distortion (1)]
   551 | D:1      | Slain by a kobold

Illustrated notes

Levels and vault maps discovered:
D:1:      moated_graveyard_arrival, layout_basic,
          shapermc_ecumenical_altar_pompeii, fountainhead

Action                   || total
-------------------------++-------
Melee: War axe           ||    40
Armor: Scale mail        ||    15
Dodge: Dodged            ||    14
Block: Buckler           ||    11
